 Dungeon Sprint DCSS version 0.22-a0-423-g4197694 (webtiles) character file.

25392 Kidiri the Imperceptible (level 12, -18/66 HPs)
             Began as a Spriggan Enchanter on May 23, 2018.
             Was the Champion of Dithmenos.
             Killed from afar by a crystal guardian (30 damage)
             ... with a crystal bolt
             ... in the Dungeon (Sprint II: "The Violet Keep of Menkaure").
             The game lasted 00:19:45 (2617 turns).

Kidiri the Imperceptible (Spriggan Enchanter)       Turns: 2617, Time: 00:19:46

Health: -18/66     AC:  7    Str:  4    XL:     12   Next: 89%
Magic:  12/33      EV: 35    Int: 19    God:    Dithmenos [******]
Gold:   610        SH:  0    Dex: 19    Spells: 9/44 levels left

rFire    . . .     SeeInvis +   a - +1 dagger
rCold    . . .     Gourm    .   (shield restricted)
rNeg     . . .     Faith    .   b - +1 robe
rPois    .         Spirit   .   (helmet restricted)
rElec    .         Reflect  .   r - +2 cloak
rCorr    .         Harm     .   (gloves unavailable)
MR       ++...     NoTele   +   (boots unavailable)
Stlth    ++++++++..             o - amulet of regeneration
HPRegen  0.61/turn              (no ring)
MPRegen  0.23/turn              (no ring)

@: slowed, wreathed by umbra, very slow
A: very small, unfitting armour, see invisible, herbivore, speed 3, slow
metabolism 2
a: Shadow Step, Shadow Form, Renounce Religion


You were in the Dungeon.
You worshipped Dithmenos.
Dithmenos was exalted by your worship.
You were not hungry.

You visited 1 branch You collected 2315 gold pieces.
You spent 1705 gold pieces at shops.

Inventory:

Hand Weapons
 a - a +1 dagger (weapon)
Missiles
 f - a throwing net (quivered)
Armour
 b - a +1 robe (worn)
 r - a +2 cloak (worn)
Jewellery
 l - an uncursed ring of ice
 o - an amulet of regeneration (around neck)
 s - an uncursed ring of ice
Scrolls
 e - 2 scrolls of remove curse
 i - a scroll of fear
 j - a scroll of amnesia {unknown}
 k - 2 scrolls of fog
 m - 3 scrolls of acquirement {unknown}
Potions
 c - 3 potions of lignification
 g - 2 potions of haste
 h - 3 potions of magic
 n - a potion of agility
 p - 2 potions of curing
 q - 2 potions of heal wounds
 u - 3 potions of resistance
Comestibles
 d - 5 rations


   Skills:
 + Level 9.0 Fighting
 * Level 15.5 Short Blades
 + Level 8.2 Armour
 * Level 19.4 Dodging
 * Level 21.1 Stealth
 * Level 16.9 Spellcasting
 + Level 12.9 Hexes


You had 9 spell levels left.
You knew the following spells:

 Your Spells              Type           Power        Failure   Level  Hunger
a - Corona                Hex            ######.      1%          1    None
b - Ensorcelled Hibernat  Hex/Ice        #####.       1%          2    None
c - Confuse               Hex            ######..     1%          3    None
d - Tukima's Dance        Hex            ######..     1%          3    None
e - Dazzling Spray        Conj/Hex       #####.       1%          3    None
f - Passwall              Tmut/Erth      ###.......   5%          2    None
g - Passage of Golubria   Tloc           N/A          36%         4    None
h - Lee's Rapid Deconstr  Erth           ###.......   71%         5    ###....
i - Invisibility          Hex            ######..     2%          6    #####..
j - Darkness              Hex            ######....   2%          6    #####..

Your spell library contained the following spells:

 Spells                   Type           Power        Failure   Level  Hunger
 Swiftness                Chrm/Air       ###.....     5%          2    None


Dungeon Overview and Level Annotations

Branches:
Dungeon (1/1)

Altars:
Cheibriados
Dithmenos
Elyvilon
Fedhas
Gozag
Hepliaklqana
Kikubaaqudgha
Makhleb
Nemelex Xobeh
Okawaru
Qazlal
Ru
Sif Muna
Trog
Uskayaw
Vehumet
Wu Jian
Xom
Yredelemnul
Zin
The Shining One
Beogh
Jiyva
Lugonu

Shops:
D [?::(??[%(}=!*:%?[!([}%=%!:}=!(:

Annotations:
D exclusion: oklob plant


Innate Abilities, Weirdness & Mutations

You are very small and have problems with some larger weapons.
You are too small for most types of armour.
You have supernaturally acute eyesight. (SInv)
You are a herbivore.
You cover ground extremely quickly.
You need to consume almost no food.


Message History

Confirm with . or Enter, or press ? or * to list all spells.
Aiming: Dazzling Spray (safe; 1% risk of failure)
Press: ? - help, Shift-Dir - straight line, f/p - crystal guardian
Aim: a crystal guardian (severely damaged, umbra)
The spray of energy hits the crystal guardian.
The crystal guardian is severely damaged.
Your shadow mimicks your spell!
The shadow shard hits the crystal guardian.
The crystal guardian fires a crystalline bolt at you.
The crystal bolt misses you. x2
The crystal guardian fires a crystalline bolt at you.
The crystal bolt misses you. x2
Unknown command.
You enter the shallow water.
Moving in this stuff is going to be slow.
You are engulfed in a cloud of scalding steam.
* * * LOW HITPOINT WARNING * * *
The crystal guardian fires a crystalline bolt at you.
The crystal bolt burns you!
You die...

.##+##..#..####.#§†#==▓))..)...▓▓
##.#.##.####..+.##§#|)▓.[((.(..▓▓
#.###.#....#(.#§§§####▓....[[[.▓▓
##.#.####..#####§§##.#▓.).[)..(▓▓
###+###.##..#..+§§#..#▓.(.[.(..▓▓
.##.##...#..#..#.8#..#▓..([(([.▓▓
#+.<.+##.+.§####.^##.#▓[..)..[)▓▓
.##.##...#....###...##▓▓▓▓▓▓▓+▓▓▓
###+###.##§....§@§)≈≈≈≈≈≈≈≈≈≈...≈
###.#####≈≈§....≈#+########+###.≈
#..#..#≈≈≈§≈≈≈..≈#....._._#§§§##≈
##.#.##≈≈≈§≈≈§≈.≈#...._._.#≈≈§§##
≈##+##≈≈§≈≈≈≈§§≈≈#..._._._#§§§§§#
≈≈≈≈≈≈≈§≈≈≈≈§≈§§≈#.._._._.#≈≈≈≈≈§
+++#+++#≈≈≈≈§≈§§§#._._._._#§≈≈§≈≈
≈§≈§§ ##≈≈§###≈§#_._._._.#§≈§§≈§
§≈≈≈≈≈§≈##§§#}#≈≈#._._._..#§§≈≈≈≈


You could see a crystal guardian.

Vanquished Creatures
  A golden dragon (D)
  A kraken (D)
  A deep elf master archer (D)
  2 sphinxes (D)
  Kirke (D)
  A storm dragon (D)
  A fire dragon (D)
  A yaktaur captain (D)
  An iron elemental (D)
  A death yak (D)
  A centaur warrior (D)
  2 deep trolls (D)
  A skeletal warrior (D)
  2 unseen horrors (D)
  2 death drakes (D)
  3 shining eyes (D)
  An elephant (D)
  3 manticores (D)
  A kobold demonologist (D)
  A yaktaur (D)
  2 polar bears (D)
  2 tyrant leeches (D)
  A hornet (D)
  3 slime creatures (D)
  2 hippogriffs (D)
  Menkaure (D)
  A swamp drake (D)
  3 black bears (D)
  4 necrophages (D)
  4 crocodiles (D)
  9 electric eels (D)
  A hell rat (D)
  4 worker ants (D)
65 creatures vanquished.

Vanquished Creatures (others)
  A polar bear (D)
  A swamp drake (D)
  A crocodile (D)
  4 tentacles (D)
7 creatures vanquished.

Grand Total: 72 creatures vanquished

Notes
Turn   | Place    | Note
-------+----------+-------------------------------------------
     0 | D        | Kidiri the Spriggan Enchanter began the quest for the Orb.
     0 | D        | Reached XP level 1. HP: 9/9 MP: 5/5
     1 | D        | Noticed a hippogriff
     1 | D        | Noticed a hippogriff
     4 | D        | Noticed a tyrant leech
     4 | D        | Noticed a tyrant leech
     7 | D        | Noticed a worker ant
     7 | D        | Noticed a worker ant
    10 | D        | Noticed a necrophage
    10 | D        | Noticed a necrophage
    10 | D        | Noticed a necrophage
    10 | D        | Noticed a necrophage
    12 | D        | Killed a crocodile
    21 | D        | Killed a necrophage
    21 | D        | Reached skill level 1 in Fighting
    21 | D        | Reached skill level 1 in Armour
    21 | D        | Reached skill level 5 in Dodging
    21 | D        | Reached skill level 7 in Stealth
    21 | D        | Reached XP level 2. HP: 15/15 MP: 2/8
    21 | D        | Reached XP level 3. HP: 18/18 MP: 2/10
    21 | D        | Reached XP level 4. HP: 23/23 MP: 2/11
    28 | D        | Killed a necrophage
    28 | D        | Reached skill level 5 in Short Blades
    28 | D        | Reached skill level 8 in Stealth
    28 | D        | Reached skill level 5 in Hexes
    28 | D        | Reached XP level 5. HP: 16/27 MP: 3/14
    32 | D        | Killed a necrophage
    32 | D        | Reached skill level 9 in Stealth
    50 | D        | Killed a necrophage
    50 | D        | Reached skill level 10 in Stealth
    50 | D        | Reached XP level 6. HP: 18/32 MP: 3/17
    54 | D        | Learned a level 2 spell: Ensorcelled Hibernation
    58 | D        | Learned a level 3 spell: Confuse
    62 | D        | Learned a level 3 spell: Tukima's Dance
    66 | D        | Learned a level 3 spell: Dazzling Spray
    82 | D        | Noticed Menkaure
    84 | D        | Killed Menkaure
   226 | D        | Killed a hippogriff
   226 | D        | Reached skill level 10 in Dodging
   226 | D        | Reached skill level 11 in Stealth
   226 | D        | Reached XP level 7. HP: 8/37 MP: 13/20
   497 | D        | Killed a tyrant leech
   497 | D        | Reached skill level 12 in Stealth
   503 | D        | Killed a tyrant leech
   503 | D        | Reached XP level 8. HP: 42/42 MP: 11/22
   510 | D        | Found Nietuq's Gadget Shop.
   511 | D        | Found Fanwott's Food Boutique.
   511 | D        | Found Uchey's Jewellery Shop.
   511 | D        | Found Taufulil's Assorted Antiques.
   511 | D        | Found Ceirph's Distillery.
   511 | D        | Found Badan's Distillery.
   511 | D        | Found Xas Hiku's Antique Armour Shop.
   511 | D        | Found Obihunere's Food Shop.
   511 | D        | Found Zitwinle's Jewellery Boutique.
   511 | D        | Found Muamesuf's Distillery.
   511 | D        | Found Liocseq's Magic Scroll Boutique.
   512 | D        | Found Jaqau's Food Shop.
   512 | D        | Found Wefiete's Antique Armour Boutique.
   513 | D        | Found Qytirgh's Book Boutique.
   513 | D        | Found Cytaifask's Antique Weapon Shop.
   514 | D        | Noticed an oklob plant
   515 | D        | Found Heczoqas's Book Shoppe.
   516 | D        | Noticed a hippogriff
   516 | D        | Noticed a hippogriff
   518 | D        | Noticed a hippogriff
   622 | D        | Found a snail-covered altar of Cheibriados.
   623 | D        | Found a shadowy altar of Dithmenos.
   624 | D        | Found a white marble altar of Elyvilon.
   624 | D        | Found an ancient bone altar of Kikubaaqudgha.
   624 | D        | Found a roughly hewn altar of Beogh.
   624 | D        | Found a viscous altar of Jiyva.
   625 | D        | Found a blossoming altar of Fedhas.
   625 | D        | Found a corrupted altar of Lugonu.
   625 | D        | Found a deep blue altar of Sif Muna.
   626 | D        | Found an opulent altar of Gozag.
   626 | D        | Found a burning altar of Makhleb.
   626 | D        | Found a bloodstained altar of Trog.
   627 | D        | Found a sparkling altar of Nemelex Xobeh.
   627 | D        | Found a hide-covered altar of Uskayaw.
   628 | D        | Found a basalt altar of Yredelemnul.
   629 | D        | Found an iron altar of Okawaru.
   629 | D        | Found a radiant altar of Vehumet.
   629 | D        | Found a glowing silver altar of Zin.
   629 | D        | Found a hazy altar of Hepliaklqana.
   629 | D        | Found a sacrificial altar of Ru.
   629 | D        | Found a shimmering altar of Xom.
   629 | D        | Noticed a hornet
   629 | D        | Noticed a polar bear
   630 | D        | Found a stormy altar of Qazlal.
   630 | D        | Found an ornate altar of the Wu Jian Council.
   630 | D        | Found a glowing golden altar of the Shining One.
   630 | D        | Noticed a yaktaur
   631 | D        | Noticed a polar bear
   631 | D        | Noticed a polar bear
   635 | D        | Became a worshipper of Dithmenos the Shadowed
   650 | D        | Killed a yaktaur
   654 | D        | Killed a hornet
   654 | D        | Reached skill level 13 in Stealth
   654 | D        | Reached skill level 10 in Spellcasting
   655 | D        | Killed a polar bear
   655 | D        | Reached * piety under Dithmenos
   663 | D        | Killed a polar bear
   693 | D        | Killed a polar bear
   693 | D        | Reached skill level 5 in Fighting
   693 | D        | Reached XP level 9. HP: 35/47 MP: 0/24
   704 | D        | Noticed a shining eye
   705 | D        | Noticed a shining eye
   705 | D        | Noticed a shining eye
   706 | D        | Killed a shining eye
   706 | D        | Reached skill level 10 in Short Blades
   706 | D        | Reached skill level 14 in Stealth
   708 | D        | Killed a shining eye
   708 | D        | Reached ** piety under Dithmenos
   708 | D        | Reached skill level 5 in Armour
   709 | D        | Killed a shining eye
   717 | D        | Noticed a death yak
   720 | D        | Killed a death yak
   720 | D        | Reached skill level 15 in Stealth
   720 | D        | Reached XP level 10. HP: 43/53 MP: 3/27
   729 | D        | Noticed a deep elf master archer
   735 | D        | Reached *** piety under Dithmenos
   854 | D        | Noticed a death drake
   890 | D        | Bought a book of Burglary for 975 gold pieces
   893 | D        | Learned a level 2 spell: Passwall
   898 | D        | Learned a level 4 spell: Passage of Golubria
   904 | D        | Learned a level 5 spell: Lee's Rapid Deconstruction
   911 | D        | Learned a level 6 spell: Invisibility
  1017 | D        | Noticed a kraken
  1040 | D        | Reached **** piety under Dithmenos
  1056 | D        | Noticed an orange crystal statue
  1100 | D        | Noticed a deep troll
  1101 | D        | Noticed a deep troll
  1102 | D        | Killed a deep troll
  1102 | D        | Reached skill level 16 in Stealth
  1104 | D        | Killed a deep troll
  1104 | D        | Reached skill level 10 in Hexes
  1145 | D        | Noticed a sphinx
  1146 | D        | Noticed a sphinx
  1147 | D        | Killed a sphinx
  1147 | D        | Reached skill level 15 in Dodging
  1147 | D        | Reached skill level 17 in Stealth
  1149 | D        | Killed a sphinx
  1149 | D        | Reached XP level 11. HP: 58/58 MP: 19/29
  1226 | D        | Killed a kraken
  1226 | D        | Reached skill level 18 in Stealth
  1369 | D        | Learned a level 6 spell: Darkness
  1412 | D        | Bought a scroll of enchant armour for 97 gold pieces
  1412 | D        | Bought a scroll of identify for 26 gold pieces
  1412 | D        | Bought a scroll of enchant armour for 97 gold pieces
  1419 | D        | Bought a scroll of identify for 26 gold pieces
  1419 | D        | Bought a scroll of identify for 26 gold pieces
  1424 | D        | Bought a potion of heal wounds for 55 gold pieces
  1424 | D        | Bought 2 potions of curing for 66 gold pieces
  1424 | D        | Bought a potion of curing for 33 gold pieces
  1424 | D        | Bought a potion of curing for 33 gold pieces
  1424 | D        | Bought a potion of heal wounds for 55 gold pieces
  1437 | D        | Bought a scroll of identify for 54 gold pieces
  1443 | D        | Bought a runed short sword for 162 gold pieces
  1609 | D        | Killed a deep elf master archer
  1753 | D        | HP: 2/58 [electric eel/bolt of electricity (13)]
  1851 | D        | Reached ***** piety under Dithmenos
  2040 | D        | Noticed a storm dragon
  2042 | D        | Killed a storm dragon
  2042 | D        | Reached skill level 19 in Stealth
  2042 | D        | Reached skill level 15 in Spellcasting
  2142 | D        | Found Upluewed's Book Boutique.
  2142 | D        | Found Lothrum's Weapon Shoppe.
  2142 | D        | Found Qystryuma's Distillery.
  2142 | D        | Found Xavor's Jewellery Boutique.
  2142 | D        | Noticed a golden dragon
  2144 | D        | Killed a golden dragon
  2144 | D        | Reached XP level 12. HP: 65/65 MP: 27/32
  2173 | D        | Noticed a centaur warrior
  2173 | D        | Noticed Kirke
  2174 | D        | Noticed a yaktaur captain
  2175 | D        | Killed Kirke
  2178 | D        | Reached skill level 20 in Stealth
  2181 | D        | Noticed an iron elemental
  2183 | D        | Killed an iron elemental
  2191 | D        | Noticed a fire dragon
  2193 | D        | Killed a fire dragon
  2196 | D        | Reached skill level 15 in Short Blades
  2200 | D        | Reached ****** piety under Dithmenos
  2218 | D        | Found Huufroso's Antique Armour Emporium.
  2218 | D        | Found Soyrr's Magic Scroll Shop.
  2219 | D        | Found Ymiuci Epne's Book Shop.
  2219 | D        | Found Ajaodinif's Magic Scroll Shoppe.
  2219 | D        | Found Lustrudun's Antique Weapon Boutique.
  2219 | D        | Found Mofen's Book Emporium.
  2219 | D        | Found Cyajaun's Antique Armour Shop.
  2219 | D        | Found Guurghaj's Weapon Shoppe.
  2219 | D        | Found Teeroefoh's Magic Scroll Boutique.
  2219 | D        | Found Wibin's Gadget Emporium.
  2219 | D        | Found Ozxocle's Food Shop.
  2219 | D        | Found Ezxiar's Gadget Shoppe.
  2277 | D        | Killed a yaktaur captain
  2284 | D        | Killed a centaur warrior
  2585 | D        | Noticed a crystal guardian
  2591 | D        | Reached skill level 21 in Stealth
  2617 | D        | Killed from afar by a crystal guardian

Vault maps used:
D:        the_violet_keep_of_menkaure

Skill      XL: |  1  2  3  4  5  6  7  8  9 10 11 12 |
---------------+-------------------------------------+-----
Fighting       | 1 2 3 4 5 7 8 9 |  9.0
Short Blades   | 3 5 6 7 8 9 11 12 14 15 | 15.5
Armour         | 1 2 3 4 5 6 7 8 |  8.2
Dodging        | 5 7 8 10 11 12 14 16 18 19 | 19.4
Stealth        | 7 8 10 11 12 13 15 17 19 21 | 21.1
Spellcasting   | 4 6 7 8 9 10 12 13 15 16 | 16.9
Hexes          | 4 5 6 7 8 9 10 12 | 12.9

Action                   |  1- 3 |  4- 6 |  7- 9 | 10-12 || total
-------------------------+-------+-------+-------+-------++-------
Melee: Dagger            |     7 |    25 |    26 |    57 ||   115
 Cast: Corona            |     3 |     2 |       |       ||     5
       Ensorcelled Hiber |       |     4 |    10 |    20 ||    34
       Dazzling Spray    |       |     2 |     2 |    50 ||    54
       Confuse           |       |       |     5 |     7 ||    12
       Tukima's Dance    |       |       |       |     1 ||     1
Invok: Shadow Step       |       |       |       |    11 ||    11
  Use: Potion            |     1 |     1 |       |    12 ||    14
       Scroll            |       |       |       |    13 ||    13
 Stab: Sleeping          |       |     2 |    11 |    30 ||    43
       Invisible         |       |       |     3 |     5 ||     8
       Confused          |       |       |     3 |       ||     3
       Distracted        |       |       |     1 |       ||     1
Armor: Robe              |       |     1 |       |     1 ||     2
Dodge: Dodged            |     6 |    14 |    21 |    81 ||   122

Table legend:
 A = Spawn XP
 B = Non-spawn XP
 C = Spawn XP percentage of total XP
 D = Spawn monster count
 E = Non-spawn monster count
 F = Spawn count percentage of total count
 G = Total turns spent on level
                    A         B        C        D         E        F      G
               +---------+---------+-------+---------+---------+-------+---------
         Total |       0 |   36275 |   0.0 |       0 |      67 |   0.0 |  2617
               +---------+---------+-------+---------+---------+-------+---------
             D |       0 |   36275 |   0.0 |       0 |      67 |   0.0 |  2617
               +---------+---------+-------+---------+---------+-------+---------
